[Event "December 12 Late 2023"]
[Site "https://www.chess.com"]
[Date "2023.12.12"]
[Round "8"]
[White "Tokhirjonova, Gulrukhbegim"]
[Black "Krzywda, Andrzej"]
[Result "1-0"]
[Board "62"]
[TimeControl "180+1"]
[WhiteFideId "14203626"]
[BlackFideId "1114565"]
[WhiteElo "2632"]
[BlackElo "2505"]
[WhiteTeam "USA"]
[BlackTeam "POL"]
[WhiteClock "0:00:18"]
[BlackClock "0:00:00"]

1. d4 d5 2. Nc3 Nf6 3. Bf4 c5 4. e3 cxd4 5. exd4 Bg4 6. f3 Bd7 7. Bd3 e6 8. Nge2 Nc6 9. Nb5 Rc8 10. Nd6+ Bxd6 11. Bxd6 Qb6 12. Bc5 Qa5+ 13. c3 Nb8 14. O-O Bb5 15. Nf4 Bxd3 16. Nxd3 Nc6 17. Re1 Nd7 18. Ba3 Qc7 19. Qd2 h6 20. Nf4 Nf6 21. Qe3 Ne7 22. Nxe6 fxe6 23. Qxe6 Ng8 24. Qxd5 Qd7 25. Qh5+ Kd8 26. Re5 Nf6 27. Qf7 Ned5 28. Qg6 Rc6 29. Rae1 Re8 30. Qd3 Rce6 31. g3 Kc8 32. c4 Nc7 33. f4 Kb8 34. d5 Rxe5 35. fxe5 Ng4 36. Bd6 Kc8 37. Qe2 h5 38. h3 Nh6 39. Qxh5 Rh8 40. Bxc7 Kxc7 41. e6 Qd6 42. Qe5 Qxe5 43. Rxe5 Kd6 44. Rg5 Rg8 45. b4 Ke7 46. c5 g6 47. Re5 Rg7 48. d6+ Kf6 49. e7 Rg8 50. e8=Q Rxe8 51. Rxe8 Nf5 52. Rb8 Nxg3 53. Rxb7 Ne2+ 54. Kf2 Nc3 55. d7 Ne4+ 56. Ke3 Ng5 57. d8=Q+ Kf5 58. Qd5+ Kf6 59. Rxa7 1-0

[Event "December 12 Late 2023"]
[Site "https://www.chess.com"]
[Date "2023.12.12"]
[Round "8"]
[White "Hajiyev, Kanan"]
[Black "Chocenka, Dmitrijus"]
[Result "1-0"]
[Board "63"]
[TimeControl "180+1"]
[WhiteFideId "13404148"]
[BlackFideId "12802336"]
[WhiteElo "2576"]
[BlackElo "2499"]
[WhiteTeam "AZE"]
[BlackTeam "LTU"]
[WhiteClock "0:00:44"]
[BlackClock "0:01:00"]

1. d4 Nf6 2. Nf3 g6 3. g3 Bg7 4. Bg2 O-O 5. O-O d6 6. b3 c5 7. Bb2 Ne4 8. c4 Nc6 9. Nbd2 Bf5 10. e3 d5 11. cxd5 Nb4 12. g4 Nxd2 13. Qxd2 Bxg4 14. Ne5 Bxe5 15. dxe5 Rc8 16. a3 Na6 17. h3 Bf5 18. e4 Bd7 19. e6 fxe6 20. Qh6 Rf7 21. Rad1 Qf8 22. Qe3 exd5 23. exd5 Qh6 24. Qxh6 1-0

[Event "December 12 Late 2023"]
[Site "https://www.chess.com"]
[Date "2023.12.12"]
[Round "8"]
[White "Herman, Matthew"]
[Black "Asish Panda"]
[Result "0-1"]
[Board "64"]
[TimeControl "180+1"]
[WhiteFideId "2028964"]
[BlackFideId "45012458"]
[WhiteElo "2494"]
[BlackElo "2536"]
[WhiteTeam "USA"]
[BlackTeam "IND"]
[WhiteClock "0:00:00"]
[BlackClock "0:00:42"]

1. e4 e6 2. d4 d5 3. Nd2 c5 4. exd5 Qxd5 5. Ngf3 cxd4 6. Bc4 Qd7 7. O-O Nc6 8. Re1 Nf6 9. Ne4 Be7 10. Bf4 O-O 11. Ne5 Nxe5 12. Bxe5 Nxe4 13. Rxe4 Qc6 14. Bd3 f5 15. Rxd4 Bc5 16. Rh4 Qd5 17. Qh5 Qxe5 18. Qxh7+ Kf7 19. Rh6 Bxf2+ 20. Kh1 Ke7 21. Rg6 Rf7 22. Qg8 b6 23. Bc4 Bb7 24. Qh7 Bd5 25. Bxd5 exd5 26. Rf1 Bc5 27. Qh5 Bd6 0-1

[Event "December 12 Late 2023"]
[Site "https://www.chess.com"]
[Date "2023.12.12"]
[Round "8"]
[White "Rees, Ioan"]
[Black "Garcia Almaguer, Juan Manuel"]
[Result "0-1"]
[Board "65"]
[TimeControl "180+1"]
[WhiteFideId "1801236"]
[BlackFideId "5110491"]
[WhiteElo "2534"]
[BlackElo "2484"]
[WhiteTeam "WLS"]
[BlackTeam "MEX"]
[WhiteClock "0:00:00"]
[BlackClock "0:00:12"]

1. e4 e5 2. Nf3 Nc6 3. Bc4 Nf6 4. d3 h6 5. a4 a5 6. O-O d6 7. c3 g5 8. Qb3 Qe7 9. Re1 Nd7 10. d4 g4 11. Nfd2 exd4 12. Nf1 Bg7 13. Ng3 Nc5 14. Qd1 h5 15. Nf5 Bxf5 16. exf5 Be5 17. Bb5 dxc3 18. Nxc3 O-O-O 19. Be3 Qf6 20. Nd5 Qg7 21. Bxc6 bxc6 22. Nc3 h4 23. Bxc5 dxc5 24. Qe2 f6 25. Qa6+ Kd7 26. Rad1+ Bd4 27. Ne4 Qe7 28. Qc4 Kc8 29. Qa6+ Kb8 30. Rd3 c4 31. Qxc4 Bb6 32. Rxd8+ Rxd8 33. g3 Re8 34. Qxc6 hxg3 35. hxg3 Qe5 36. Kg2 Rh8 37. Qxf6 Qe8 38. Ng5 Qh5 39. Kf1 Qh1+ 40. Ke2 Re8+ 41. Kd3 Qd5+ 42. Kc2 Rxe1 0-1

[Event "December 12 Late 2023"]
[Site "https://www.chess.com"]
[Date "2023.12.12"]
[Round "8"]
[White "Dmitrenko, Viktor"]
[Black "Ismayil, Malak"]
[Result "1-0"]
[Board "66"]
[TimeControl "180+1"]
[WhiteFideId "14110270"]
[BlackFideId "13412604"]
[WhiteElo "2457"]
[BlackElo "2515"]
[WhiteTeam "UKR"]
[BlackTeam "AZE"]
[WhiteClock "0:01:57"]
[BlackClock "0:02:00"]

1. e4 e5 2. d4 exd4 3. Nf3 Nc6 4. Bc4 Bc5 5. O-O d6 6. c3 Nf6 7. cxd4 Bb6 8. Nc3 O-O 9. Bb3 Bg4 10. Be3 Re8 11. Qd3 Nb4 12. Qc4 Nc6 13. Qxf7+ Kh8 14. Ng5 Bh5 15. Qxh5 Nxh5 16. Nf7+ Kg8 17. Nxd8+ Kf8 18. Nxc6 bxc6 19. f3 1-0

[Event "December 12 Late 2023"]
[Site "https://www.chess.com"]
[Date "2023.12.12"]
[Round "8"]
[White "Bold, Andre"]
[Black "Reprintsev, Alexander"]
[Result "1/2-1/2"]
[Board "67"]
[TimeControl "180+1"]
[WhiteFideId "16208471"]
[BlackFideId "14100541"]
[WhiteElo "2448"]
[BlackElo "2515"]
[WhiteTeam "GER"]
[BlackTeam "UKR"]
[WhiteClock "0:00:06"]
[BlackClock "0:00:02"]

1. Nf3 Nc6 2. d4 d5 3. Bf4 Bg4 4. Nbd2 e6 5. e3 Bd6 6. c3 Bxf4 7. exf4 Qd6 8. g3 O-O-O 9. Bg2 f6 10. h3 Bh5 11. O-O e5 12. fxe5 fxe5 13. dxe5 Nxe5 14. g4 Bg6 15. Nxe5 Qxe5 16. Nf3 Qf4 17. Qd4 Qxd4 18. Nxd4 Nf6 19. Rfe1 h5 20. g5 Ne4 21. Bxe4 Bxe4 22. f3 Bd3 23. Re3 Bg6 24. Rae1 Rd7 25. Re6 Bf7 26. R6e5 c5 27. Nf5 g6 28. Nh6 d4 29. cxd4 cxd4 30. Re7 Bxa2 31. Rxd7 Kxd7 32. Rd1 Ke6 33. Rxd4 Bd5 34. f4 Rf8 35. Kf2 b5 36. Ke3 a5 37. f5+ gxf5 38. Kf4 Bc4 39. g6 Kf6 40. Rd6+ Ke7 41. g7 Ra8 42. Nxf5+ Kf7 43. Rd7+ Kg6 44. Rc7 Ba2 45. h4 b4 46. Rc6+ Kf7 47. Kg5 a4 48. Rc7+ Ke6 49. Re7+ Kd5 50. Nh6 Kd4 51. Rd7+ Ke3 52. Rb7 a3 53. Rxb4 axb2 54. Rxb2 Ra5+ 55. Kg6 Ra6+ 56. Kh7 Bd5 57. Rb8 Ra4 58. Rd8 Ba2 59. g8=Q Bxg8+ 60. Nxg8 Rxh4 61. Kg6 Rh1 62. Nf6 h4 63. Re8+ Kf3 64. Kg5 h3 65. Ra8 h2 66. Ra3+ Ke2 67. Ra2+ Kd3 68. Ng4 Kc3 69. Nxh2 Rg1+ 70. Ng4 Kb3 71. Rh2 Rb1 72. Kf4 Rc1 73. Ne5 Rc2 74. Rh8 Rg2 75. Ke4 Kb4 76. Kd4 Rd2+ 77. Nd3+ Kb5 78. Rb8+ Kc6 79. Rc8+ Kd7 80. Rc3 Rh2 81. Kd5 Rd2 82. Ra3 Ke7 83. Ra7+ Kf6 84. Ke4 Kg5 85. Ra5+ Kf6 86. Ke3 Rd1 87. Nf4 Re1+ 88. Kf3 Rb1 89. Ra6+ Ke7 90. Ke4 Rb5 91. Nd5+ Kf7 92. Ke5 Rb1 93. Rf6+ Kg7 94. Rf4 Re1+ 95. Kf5 Ra1 96. Rg4+ Kf7 97. Rg6 Ra5 98. Rf6+ Kg7 99. Rg6+ Kf7 100. Rd6 Ra1 101. Rd7+ Kf8 102. Kf6 Rf1+ 103. Ke6 Re1+ 104. Kd6 Kg8 105. Rb7 Kf8 106. Ra7 Re2 107. Nf6 Re1 108. Rb7 Rd1+ 109. Ke6 Re1+ 110. Kf5 Rf1+ 111. Ke5 Re1+ 112. Ne4 Re2 113. Kf5 Re1 114. Kf6 Rf1+ 115. Ke6 Re1 116. Rb8+ Kg7 117. Ke5 Kg6 118. Rb7 Kh6 119. Rb8 1/2-1/2

[Event "December 12 Late 2023"]
[Site "https://www.chess.com"]
[Date "2023.12.12"]
[Round "8"]
[White "Chylewski, Patryk"]
[Black "Todev, Simeon"]
[Result "1-0"]
[Board "68"]
[TimeControl "180+1"]
[WhiteFideId "1186191"]
[BlackFideId "2925133"]
[WhiteElo "2509"]
[BlackElo "2360"]
[WhiteTeam "POL"]
[BlackTeam "BUL"]
[WhiteClock "0:00:50"]
[BlackClock "0:01:20"]

1. Nf3 c5 2. e4 Nc6 3. d3 e6 4. g3 g6 5. Bg2 Bg7 6. O-O Nge7 7. c3 O-O 8. Be3 b6 9. d4 cxd4 10. Nxd4 Nxd4 11. Bxd4 Bb7 12. Bxg7 Kxg7 13. Qd4+ Kg8 14. Rd1 d5 15. Nd2 dxe4 16. Nxe4 Qxd4 17. Rxd4 Kg7 18. Rd7 Bxe4 19. Bxe4 Rae8 20. Rxa7 Nd5 21. Bxd5 exd5 22. Kf1 Rd8 23. Rd1 Rd6 24. Ra4 Rfd8 25. Rad4 Kf6 26. c4 Ke6 27. Rxd5 Rxd5 28. Rxd5 Rxd5 29. cxd5+ Kxd5 30. Ke2 Kd4 31. Kd2 g5 32. Kc2 Ke4 33. b4 f5 34. a4 Kd4 35. Kb3 f4 36. a5 bxa5 37. bxa5 Kc5 38. gxf4 gxf4 39. Kc3 Kb5 40. Kd3 Kxa5 41. Ke4 Kb6 42. Kxf4 Kc7 43. Kg5 Kd7 44. Kh6 Ke6 45. Kxh7 Kf7 46. h4 Kf6 47. h5 Kf7 48. Kh6 Kf6 49. f3 Kf7 50. Kg5 Kg7 51. f4 Kf7 52. f5 Kg7 53. f6+ Kh7 54. h6 Kg8 55. Kg6 Kh8 56. Kf7 1-0

[Event "December 12 Late 2023"]
[Site "https://www.chess.com"]
[Date "2023.12.12"]
[Round "8"]
[White "Mendes Aaron Reeve"]
[Black "Nilsson, Joakim"]
[Result "1-0"]
[Board "69"]
[TimeControl "180+1"]
[WhiteFideId "25954938"]
[BlackFideId "1723383"]
[WhiteElo "2622"]
[BlackElo "2434"]
[WhiteTeam "CAN"]
[BlackTeam "SWE"]
[WhiteClock "0:00:15"]
[BlackClock "0:00:14"]

1. e4 c5 2. Nf3 e6 3. b3 b6 4. Bb2 Bb7 5. e5 Nc6 6. c4 d6 7. exd6 Nf6 8. d4 cxd4 9. Nxd4 Bxd6 10. Nb5 Bb4+ 11. Bc3 Qxd1+ 12. Kxd1 O-O 13. Bxb4 Nxb4 14. f3 Rfd8+ 15. Kc1 a6 16. N5c3 Rac8 17. a3 Nd3+ 18. Bxd3 Rxd3 19. Kc2 Rd7 20. Rd1 Rxd1 21. Nxd1 b5 22. Nb2 Nd5 23. Kd2 Nf4 24. g3 Ng6 25. f4 Ne7 26. Nc3 Nc6 27. Rb1 Na5 28. cxb5 Nxb3+ 29. Kd3 axb5 30. Nxb5 Be4+ 31. Kxe4 Nd2+ 32. Kd3 Nxb1 33. Nc4 Rd8+ 34. Kc2 Rc8 35. Kb3 f6 36. a4 e5 37. a5 exf4 38. gxf4 g5 39. fxg5 fxg5 40. a6 h5 41. Nb6 Nd2+ 42. Kb4 Rd8 43. a7 Nf3 44. Nd6 Nd4 45. Kc5 Rxd6 46. a8=Q+ Rd8 47. Qxd8+ 1-0

[Event "December 12 Late 2023"]
[Site "https://www.chess.com"]
[Date "2023.12.12"]
[Round "8"]
[White "Vlassov, Nikolai"]
[Black "Lopusiewicz, Piotr"]
[Result "1-0"]
[Board "70"]
[TimeControl "180+1"]
[WhiteFideId "4103360"]
[BlackFideId "1116029"]
[WhiteElo "2607"]
[BlackElo "2436"]
[WhiteTeam "FID"]
[BlackTeam "POL"]
[WhiteClock "0:00:03"]
[BlackClock "0:00:00"]

1. e4 e5 2. Bc4 Nf6 3. d3 Nc6 4. Nf3 Bc5 5. Bg5 h6 6. Bh4 d6 7. Nc3 g5 8. Bg3 a6 9. a4 Qe7 10. Nd2 h5 11. h4 Ng4 12. Nd5 Qd8 13. hxg5 h4 14. Rxh4 Rxh4 15. Bxh4 Be6 16. c3 Qd7 17. b4 Ba7 18. b5 Ne7 19. bxa6 bxa6 20. g6 Bxd5 21. Bxd5 Nxg6 22. Bxa8 Nxh4 23. Qb3 Bxf2+ 24. Kd1 Ne3+ 25. Kc1 Qg4 26. Kb2 Qe2 27. Ka3 Qxd2 28. Ra2 Qxd3 29. Rxf2 Nc4+ 30. Ka2 Ng6 31. Bd5 Nb6 32. Bxf7+ Kd7 33. Bxg6 Qe3 34. Be8+ Kd8 35. Rf8 Qe2+ 36. Qb2 Qc4+ 37. Kb1 Qd3+ 38. Qc2 1-0

[Event "December 12 Late 2023"]
[Site "https://www.chess.com"]
[Date "2023.12.12"]
[Round "8"]
[White "Saravana, Krishnan P."]
[Black "Buchenau, Frank"]
[Result "1-0"]
[Board "71"]
[TimeControl "180+1"]
[WhiteFideId "5018382"]
[BlackFideId "4604350"]
[WhiteElo "2603"]
[BlackElo "2420"]
[WhiteTeam "IND"]
[BlackTeam "GER"]
[WhiteClock "0:02:24"]
[BlackClock "0:00:00"]

1. e4 e6 2. d4 d5 3. Nd2 Nf6 4. e5 Nfd7 5. Bd3 c5 6. c3 b6 7. Ngf3 Ba6 8. Bxa6 Nxa6 9. O-O Nc7 10. Re1 Be7 11. Nf1 c4 12. Ng3 h5 13. b3 h4 14. Nf1 h3 15. g3 b5 16. a4 cxb3 17. Qxb3 bxa4 18. Qxa4 Qb8 19. Bg5 Qb5 20. Qa2 1-0

[Event "December 12 Late 2023"]
[Site "https://www.chess.com"]
[Date "2023.12.12"]
[Round "8"]
[White "Play, Gilles"]
[Black "Melikhov, Evgeny V."]
[Result "1/2-1/2"]
[Board "72"]
[TimeControl "180+1"]
[WhiteFideId "45130892"]
[BlackFideId "4122046"]
[WhiteElo "2551"]
[BlackElo "2417"]
[WhiteTeam "FRA"]
[BlackTeam "GRE"]
[WhiteClock "0:00:40"]
[BlackClock "0:00:04"]

1. b3 e5 2. Bb2 Nc6 3. e3 a6 4. Nf3 e4 5. Nd4 Nxd4 6. Bxd4 d5 7. d3 Bf5 8. Nd2 h5 9. Qb1 Qg5 10. c4 exd3 11. cxd5 O-O-O 12. e4 Bxe4 13. Nxe4 Re8 14. Be3 Rxe4 15. Qxd3 Bb4+ 16. Kd1 Qe7 17. Rc1 Nf6 18. Kc2 Ba3 19. Rd1 Rd8 20. Bg5 Qe5 21. Bc1 Bxc1 22. Rxc1 Rxd5 23. Qh3+ Kb8 24. Bd3 Red4 25. Rhe1 Qd6 26. Re3 Ka7 27. Qf3 Ng4 28. Rd1 Nxe3+ 29. Qxe3 g6 30. Bc4 c5 31. Bxd5 Qxd5 32. Rxd4 cxd4 33. Qg3 Qc5+ 34. Kd2 a5 35. Qf3 a4 36. bxa4 Qb4+ 37. Ke2 Qxa4 38. Qxf7 Qc2+ 39. Kf3 Qd3+ 40. Kf4 Qe2 41. Kg3 d3 42. Qd5 d2 43. Qc5+ Kb8 44. Qd6+ Ka7 45. Qc5+ Kb8 46. Qd6+ Ka7 47. Qa3+ Kb8 48. Qd6+ 1/2-1/2

[Event "December 12 Late 2023"]
[Site "https://www.chess.com"]
[Date "2023.12.12"]
[Round "8"]
[White "Estrada Nieto, Julian"]
[Black "Zakarian, David"]
[Result "0-1"]
[Board "73"]
[TimeControl "180+1"]
[WhiteFideId "5101018"]
[BlackFideId "13301276"]
[WhiteElo "2526"]
[BlackElo "2408"]
[WhiteTeam "ESP"]
[BlackTeam "ARM"]
[WhiteClock "0:00:00"]
[BlackClock "0:00:13"]

1. e4 Nc6 2. Nf3 d6 3. d4 Nf6 4. Nc3 Bg4 5. Bb5 a6 6. Bxc6+ bxc6 7. h3 Bh5 8. Bg5 Qb8 9. Rb1 e6 10. g4 Bg6 11. Qe2 h5 12. Bxf6 hxg4 13. Nh2 Rxh3 14. Qc4 gxf6 15. Qxc6+ Ke7 16. O-O Bh5 17. Rfe1 Bh6 18. Nf1 Ra7 19. Ng3 Bd2 20. Red1 Bg5 21. Kg2 Qh8 22. Rh1 Bg6 23. Rbe1 Bd2 24. Rd1 Bf4 25. Qc4 Qh7 26. Qd3 Ra8 27. Rdg1 Rh8 28. Kf1 Bxg3 29. Rxh3 Qxh3+ 30. Ke2 Bf4 31. Rxg4 Qxg4+ 32. f3 Rh2+ 0-1

[Event "December 12 Late 2023"]
[Site "https://www.chess.com"]
[Date "2023.12.12"]
[Round "8"]
[White "Zeneli, Klendi"]
[Black "Leenhouts, Koen"]
[Result "1-0"]
[Board "74"]
[TimeControl "180+1"]
[WhiteFideId "4706609"]
[BlackFideId "1008439"]
[WhiteElo "2402"]
[BlackElo "2516"]
[WhiteTeam "ALB"]
[BlackTeam "NED"]
[WhiteClock "0:00:46"]
[BlackClock "0:00:01"]

1. e4 e6 2. d4 d5 3. Nd2 c5 4. Ngf3 cxd4 5. Nxd4 Nc6 6. Bb5 Bd7 7. Nxc6 bxc6 8. Bd3 Bd6 9. Qe2 Qc7 10. Nf3 e5 11. exd5 cxd5 12. Nxe5 Bxe5 13. f4 f6 14. O-O Ne7 15. fxe5 Qxe5 16. Bf4 Qxe2 17. Bxe2 Kf7 18. Rad1 Bf5 19. c3 Be4 20. Bf3 Rad8 21. Be3 Nc6 22. Bd4 Rhe8 23. Kf2 Bxf3 24. Kxf3 Re4 25. Bf2 Ne5+ 26. Kg3 a6 27. Rfe1 Rd7 28. Rxe4 dxe4 29. Rxd7+ Nxd7 30. Kf4 Ke6 31. Kxe4 f5+ 32. Kd4 g5 33. a4 h5 34. b4 Kd6 35. c4 Kc6 36. b5+ axb5 37. axb5+ Kd6 38. Kc3 f4 39. Kb4 Ne5 40. c5+ Kd5 41. c6 Nd3+ 42. Ka5 Kd6 43. Bd4 g4 44. Kb6 f3 45. gxf3 gxf3 46. Kb7 f2 47. Bxf2 Nxf2 48. c7 1-0

[Event "December 12 Late 2023"]
[Site "https://www.chess.com"]
[Date "2023.12.12"]
[Round "8"]
[White "Tikhonov, Viacheslav"]
[Black "Marchesich, Giovanni"]
[Result "1-0"]
[Board "75"]
[TimeControl "180+1"]
[WhiteFideId "44196407"]
[BlackFideId "2824790"]
[WhiteElo "2511"]
[BlackElo "2401"]
[WhiteTeam "RUS"]
[BlackTeam "ITA"]
[WhiteClock "0:00:05"]
[BlackClock "0:00:05"]

1. e4 d5 2. exd5 Qxd5 3. Nc3 Qd8 4. d4 Bf5 5. Bc4 e6 6. Nf3 c6 7. O-O Nf6 8. Bf4 Bd6 9. Ne5 O-O 10. Re1 Qc7 11. Bd3 Bxd3 12. Qxd3 Nbd7 13. Bg3 Rad8 14. Nxd7 Rxd7 15. Rad1 Rfd8 16. Qc4 Qa5 17. a3 Nd5 18. Bxd6 Rxd6 19. Ne4 Nb6 20. Qc3 Qxc3 21. bxc3 Rd5 22. Nc5 Rb8 23. Rb1 Nc4 24. Rxb7 Rxb7 25. Nxb7 Nxa3 26. Ra1 Rb5 27. g3 Nxc2 28. Rxa7 g6 29. Nd6 Rb1+ 30. Kg2 Ne1+ 31. Kh3 Rc1 32. Nxf7 Rxc3 33. Ng5 c5 34. Nxe6 cxd4 35. Rg7+ Kh8 36. Rf7 h5 37. Nxd4 Nd3 38. f4 Rc1 39. Kh4 Rc5 40. Nf3 Kg8 41. Rd7 Nf2 42. Ne5 Ng4 43. Nxg4 hxg4 44. Kxg4 Kf8 45. h4 Kg8 46. Re7 Kf8 47. Re5 Rc6 48. h5 Kg7 49. hxg6 Rxg6+ 50. Rg5 1-0

[Event "December 12 Late 2023"]
[Site "https://www.chess.com"]
[Date "2023.12.12"]
[Round "8"]
[White "Akhayan, Ruben"]
[Black "Petukhov, Dmitry"]
[Result "1/2-1/2"]
[Board "76"]
[TimeControl "180+1"]
[WhiteFideId "204439"]
[BlackFideId "4142748"]
[WhiteElo "2389"]
[BlackElo "2508"]
[WhiteTeam "BEL"]
[BlackTeam "RUS"]
[WhiteClock "0:00:03"]
[BlackClock "0:00:04"]

1. e4 c5 2. Nf3 d6 3. d4 cxd4 4. Nxd4 Nf6 5. Nc3 Nc6 6. Bc4 e5 7. Nf5 Be6 8. Bb3 g6 9. Ne3 Be7 10. O-O O-O 11. Ned5 Bxd5 12. Bxd5 Nd4 13. Be3 Ne6 14. Qe2 Rc8 15. Bxb7 Rb8 16. Bd5 Rxb2 17. Bb3 Qc7 18. Na4 Rxb3 19. cxb3 Nxe4 20. Bh6 d5 21. Bxf8 Bxf8 22. Rac1 Nf4 23. Rxc7 Nxe2+ 24. Kh1 d4 25. f3 Nf6 26. Nb2 Nd5 27. Rxa7 f5 28. Ra8 Kg7 29. a4 Ba3 30. Nc4 Bb4 31. Nxe5 Ne3 32. Rb1 Nc3 33. Rg1 Ncd1 34. Nd3 Bc3 35. h4 h6 36. Ra7+ Kf6 37. a5 g5 38. hxg5+ hxg5 39. Ra6+ Kg7 40. f4 g4 41. g3 Bd2 42. Ra7+ Kf6 43. Ra6+ Kf7 44. Rb6 Bxa5 45. Rb5 Bc3 46. b4 Ke6 47. Rb8 Kd5 48. b5 Ke4 49. Nc5+ Kf3 50. Rxd1 Nxd1 51. b6 Be1 52. b7 Bxg3 53. Re8 Nf2+ 54. Kg1 Nh3+ 55. Kf1 Bxf4 56. b8=Q Bxb8 57. Rxb8 g3 58. Rb3+ Kg4 59. Kg2 Nf4+ 60. Kh1 Nd5 61. Ra3 f4 62. Ne4 f3 63. Nxg3 Kxg3 64. Kg1 Ne3 65. Ra2 f2+ 66. Rxf2 d3 67. Rd2 Kf3 68. Rxd3 Ke2 69. Rxe3+ Kxe3 1/2-1/2

[Event "December 12 Late 2023"]
[Site "https://www.chess.com"]
[Date "2023.12.12"]
[Round "8"]
[White "Haszon, David"]
[Black "Rogov, Matfey"]
[Result "0-1"]
[Board "77"]
[TimeControl "180+1"]
[WhiteFideId "733610"]
[BlackFideId "44191308"]
[WhiteElo "2389"]
[BlackElo "2504"]
[WhiteTeam "HUN"]
[BlackTeam "RUS"]
[WhiteClock "0:02:04"]
[BlackClock "0:00:49"]

1. d4 d5 2. Bf4 Bf5 3. e3 e6 4. c4 c6 5. Nc3 Nf6 6. Qb3 Qc8 7. Rc1 dxc4 8. Qxc4 Nbd7 9. Nf3 Be7 10. Nh4 Bg4 11. h3 Bh5 12. g4 Nd5 13. Ng2 Bg6 14. Bg3 h5 15. gxh5 Rxh5 16. Be2 Rh8 17. Nf4 N7b6 18. Qb3 Nxf4 19. Bxf4 Qd7 20. a4 Bh4 21. a5 Nd5 22. Nxd5 exd5 23. a6 bxa6 24. Rxc6 Qxc6 25. O-O 0-1

[Event "December 12 Late 2023"]
[Site "https://www.chess.com"]
[Date "2023.12.12"]
[Round "8"]
[White "Gasparyan, David"]
[Black "Storn, Justin"]
[Result "0-1"]
[Board "78"]
[TimeControl "180+1"]
[WhiteFideId "13311980"]
[BlackFideId "30922720"]
[WhiteElo "2491"]
[BlackElo "2365"]
[WhiteTeam "USA"]
[BlackTeam "USA"]
[WhiteClock "0:00:07"]
[BlackClock "0:00:09"]

1. Nf3 Nf6 2. g3 g6 3. Bg2 Bg7 4. O-O O-O 5. c4 d6 6. Nc3 Nc6 7. d4 a6 8. Bf4 Rb8 9. Rc1 Bd7 10. d5 Na5 11. Nd2 c5 12. e4 b5 13. cxb5 axb5 14. b3 b4 15. Ne2 Bb5 16. Re1 Nd7 17. Nc4 Bxc4 18. bxc4 Nb6 19. Qd3 Qc8 20. Rc2 Qa6 21. Rec1 Ra8 22. g4 Ra7 23. Bf1 Na4 24. Rb1 Rfa8 25. Bd2 Qc8 26. h3 Nb6 27. Nc1 Nd7 28. Qe2 Nb7 29. Bg5 Qe8 30. Rb3 h6 31. Bh4 Ne5 32. f4 Nd7 33. Bf2 g5 34. e5 dxe5 35. f5 Nd6 36. Bg2 Ra5 37. Be1 Nb6 38. Nd3 Nbxc4 39. Nf2 Na3 40. Rcb2 Rb5 41. Ne4 Rab8 42. f6 Nxe4 43. fxg7 Nd6 44. Qxe5 f6 45. Qe6+ Kxg7 46. Re3 R8b7 47. Bf1 Qf7 48. Bxb5 Naxb5 49. Qxf7+ Kxf7 50. a4 Nd4 51. a5 Nc4 52. Ree2 Nxb2 53. Rxb2 Ra7 54. Ra2 b3 55. Ra1 c4 56. Bc3 Nc2 57. a6 Nxa1 58. Bxa1 Rxa6 59. Bd4 Ra2 60. Kf1 b2 61. Bxb2 Rxb2 62. d6 Rd2 63. d7 Rxd7 64. Ke2 Rd6 65. Ke3 c3 66. Ke4 c2 67. h4 c1=Q 68. h5 Qf4# 0-1

[Event "December 12 Late 2023"]
[Site "https://www.chess.com"]
[Date "2023.12.12"]
[Round "8"]
[White "Gerbelli Neto, Eduardo"]
[Black "Wartiovaara, Oliver"]
[Result "1/2-1/2"]
[Board "79"]
[TimeControl "180+1"]
[WhiteFideId "2103281"]
[BlackFideId "513024"]
[WhiteElo "2348"]
[BlackElo "2490"]
[WhiteTeam "BRA"]
[BlackTeam "FIN"]
[WhiteClock "0:00:11"]
[BlackClock "0:00:10"]

1. e4 c6 2. d4 d5 3. exd5 cxd5 4. c4 Nf6 5. Nc3 Nc6 6. Nf3 Bg4 7. cxd5 Nxd5 8. Qb3 Bxf3 9. gxf3 e6 10. Qxb7 Nxd4 11. Bb5+ Nxb5 12. Qc6+ Ke7 13. Qxb5 Qd7 14. Nxd5+ Qxd5 15. Bg5+ f6 16. Qxd5 exd5 17. Be3 Ke6 18. O-O-O Bb4 19. a3 Rhc8+ 20. Kb1 Bc5 21. Rhe1 Bxe3 22. Rxe3+ Kd6 23. Rde1 Rc4 24. Re7 Rf4 25. R1e6+ Kc5 26. b4+ Kd4 27. Re3 a5 28. Rb7 Rh4 29. Rxg7 axb4 30. axb4 Rb8 31. Kc2 Rxb4 32. Rd3+ Kc5 33. Rc7+ Kd6 34. Rf7 Ke6 35. Rf8 Rxh2 36. Re8+ Kd7 37. Re2 d4 38. Ra3 Rh5 39. Kd3 Rc5 40. Ra7+ Kd6 41. Ree7 Rc3+ 42. Ke4 f5+ 43. Kxf5 Rxf3+ 44. Ke4 Rxf2 45. Rad7+ Kc5 46. Rc7+ Kb5 47. Rb7+ Kc4 48. Rec7+ Kb3 49. Rxb4+ Kxb4 50. Rxh7 Rd2 51. Rc7 Rd1 52. Rc8 d3 53. Ke3 Kb3 54. Rc7 d2 55. Ke2 Rc1 56. Rb7+ Kc2 57. Rc7+ Kb2 58. Rb7+ Kc3 59. Rc7+ Kb4 60. Rb7+ Kc3 61. Rc7+ Kb3 62. Rb7+ Kc3 1/2-1/2

[Event "December 12 Late 2023"]
[Site "https://www.chess.com"]
[Date "2023.12.12"]
[Round "8"]
[White "Ramadoss, Ashokkumar"]
[Black "Shton, Roman"]
[Result "1/2-1/2"]
[Board "80"]
[TimeControl "180+1"]
[WhiteFideId "5040990"]
[BlackFideId "14137461"]
[WhiteElo "2328"]
[BlackElo "2488"]
[WhiteTeam "IND"]
[BlackTeam "UKR"]
[WhiteClock "0:00:29"]
[BlackClock "0:01:10"]

1. Nf3 d6 2. d4 g6 3. c4 Bg7 4. Nc3 Nd7 5. g3 e5 6. Bg2 Ne7 7. O-O O-O 8. h3 c6 9. e4 Qc7 10. Re1 exd4 11. Nxd4 Nc5 12. Rb1 f5 13. exf5 Nxf5 14. Nb3 Nxb3 15. axb3 Qb6 16. Na4 Qd4 17. g4 Nh4 18. Qxd4 Bxd4 19. Be3 Nxg2 20. Kxg2 Be5 21. Rbd1 b5 22. cxb5 cxb5 23. Nc3 Bb7+ 24. Kg1 b4 25. Nd5 Bxb2 26. Ne7+ Kf7 27. Nd5 Be5 28. f4 Bf6 29. Nxf6 Kxf6 30. Rxd6+ Kg7 31. Bd4+ Kg8 32. Rd7 Rf7 33. Ree7 Bd5 34. Rxf7 Bxf7 35. Rxa7 Rxa7 36. Bxa7 Bxb3 37. Bc5 Be6 38. Bxb4 h5 39. gxh5 gxh5 40. h4 Kh7 41. Kf2 Kg6 42. Kg3 Kf5 43. Bc3 Bd5 44. Be5 Be6 45. Bc7 Bd5 46. Be5 Be4 47. Bb8 Bd5 48. Be5 1/2-1/2

[Event "December 12 Late 2023"]
[Site "https://www.chess.com"]
[Date "2023.12.12"]
[Round "8"]
[White "Marcziter, Dmitrii"]
[Black "Novikova, Galina"]
[Result "1/2-1/2"]
[Board "81"]
[TimeControl "180+1"]
[WhiteFideId "13900765"]
[BlackFideId "4157095"]
[WhiteElo "2332"]
[BlackElo "2487"]
[WhiteTeam "GER"]
[BlackTeam "RUS"]
[WhiteClock "0:00:06"]
[BlackClock "0:00:10"]

1. d4 e6 2. c4 f5 3. g3 Nf6 4. Bg2 Be7 5. Nc3 d6 6. e4 fxe4 7. Nxe4 O-O 8. Ne2 Nc6 9. O-O e5 10. d5 Nb8 11. Ng5 h6 12. Ne6 Bxe6 13. dxe6 Nc6 14. Be3 Ng4 15. Bd2 Qc8 16. h3 Nf6 17. Bd5 Qe8 18. Be3 Qh5 19. Kg2 Nxd5 20. cxd5 Qf3+ 21. Kh2 Nb4 22. Nc3 c6 23. Qxf3 Rxf3 24. Rad1 Raf8 25. Bxa7 c5 26. a3 Nd3 27. Rd2 Nxf2 28. Kg2 Ne4 29. Rxf3 Nxd2 30. Rxf8+ Kxf8 31. b4 c4 32. a4 Bf6 33. Nb5 Ke7 34. Bb8 e4 35. Bxd6+ Kd8 36. Bc5 c3 37. d6 c2 38. e7+ Kd7 39. Nc7 Bxe7 40. dxe7 c1=Q 41. e8=Q+ Kxc7 42. Qe7+ Kc8 43. Qe8+ Kc7 44. Qe7+ Kc8 45. Qe6+ Kb8 46. Qd6+ Kc8 47. Qe6+ Kb8 48. Qe8+ Kc7 1/2-1/2

[Event "December 12 Late 2023"]
[Site "https://www.chess.com"]
[Date "2023.12.12"]
[Round "8"]
[White "Rangel, Daniel"]
[Black "Kappeler, Kaspar"]
[Result "1-0"]
[Board "82"]
[TimeControl "180+1"]
[WhiteFideId "2124475"]
[BlackFideId "1309072"]
[WhiteElo "2480"]
[BlackElo "2316"]
[WhiteTeam "BRA"]
[BlackTeam "SUI"]
[WhiteClock "0:01:34"]
[BlackClock "0:00:16"]

1. e4 c5 2. Nf3 e6 3. b3 a6 4. Bb2 Nc6 5. e5 Nh6 6. a4 Nf5 7. Na3 Be7 8. Nc4 h5 9. d4 cxd4 10. Bd3 Bb4+ 11. Kf1 Nce7 12. Nxd4 Nxd4 13. Bxd4 h4 14. Bb6 h3 15. Bxd8 hxg2+ 16. Kxg2 Kxd8 17. Nd6 Bxd6 18. exd6 Nd5 19. Qg4 Rh5 20. c4 f6 21. h4 1-0